 Dungeon Crawl Stone Soup version 0.30-b1-2-g02819fbbbe (webtiles) character file.

Game seed: 6107692294900265176

125 LLlMATKO the Chopper (level 4, 0/61 HPs)
             Began as a Minotaur Berserker on May 16, 2023.
             Was a Believer of Trog.
             Slain by a phantom (3 damage)
             ... on level 4 of the Dungeon.
             The game lasted 00:01:34 (2403 turns).

LLlMATKO the Chopper (Minotaur Berserker)           Turns: 2403, Time: 00:01:34

Health: 0/61       AC:  4    Str: 24    XL:     4   Next: 82%
Magic:  3/3        EV:  9    Int:  4    God:    Trog [**....]
Gold:   162        SH:  0    Dex:  9    Spells: 3/3 levels left

rFire   . . .        a - +0 hand axe
rCold   . . .        (no shield)
rNeg    . . .        q - +0 chain mail
rPois   .            (helmet restricted)
rElec   .            (no cloak)
rCorr   .            (no gloves)
SInv    .            c - +2 pair of boots
Will    .....        (no amulet) Stlth
                     (no ring)
HPRegen 0.30/turn    (no ring)
MPRegen 0.08/turn

%: no passive effects
@: berserking, corroded, very quick
A: horns 2, retaliatory headbutt
a: Renounce Religion, Berserk, Trog's Hand


You were on level 4 of the Dungeon.
You worshipped Trog.
Trog was pleased with you.
You visited 1 branch of the dungeon, and saw 4 of its levels.

You collected 162 gold pieces.

Inventory:

Hand Weapons
 a - a +0 hand axe (weapon)
Missiles
 h - 8 poisoned darts (quivered)
 m - 4 javelins
Armour
 c - a +2 pair of boots (worn)
 q - a +0 chain mail (worn)
Wands
 p - a wand of acid (5)
Scrolls
 d - 7 scrolls of identify {unknown}
 f - a scroll of amnesia {unknown}
 g - a scroll of torment {unknown}
 i - a scroll of noise {unknown}
 j - 2 scrolls of vulnerability {unknown}
 n - a scroll of fear {unknown}
Potions
 e - a potion of heal wounds {unknown}
 k - a potion of lignification {unknown}
 l - a potion of mutation {unknown}
 o - a potion of attraction {unknown}


   Skills:
 + Level 4.5 Fighting
 + Level 4.6 Axes
 + Level 3.6 Armour
 + Level 3.3 Dodging


You had 3 spell levels left.
You didn't know any spells.
Your spell library was empty.

Dungeon Overview and Level Annotations

Branches:
Dungeon (4/15)
 Temple: D:4-7

Altars:
Dithmenos

Annotations:
D:4 Natasha


Innate Abilities, Weirdness & Mutations

You have a pair of horns on your head.
You reflexively headbutt those who attack you in melee.


Message History

You hit the jelly but do no damage. The acid corrodes you!
Your hands burn!
You barely miss the phantom. The jelly hits you.
You are splashed with acid!
The ice beast hits you. The ice beast freezes you!
The phantom hits you but does no damage.
You barely miss the ice beast.
The ice beast is heavily wounded.
You miss the phantom. You slash the jelly!
Your hands burn!
The jelly hits you but does no damage. The ice beast hits you.
The ice beast freezes you!
The phantom hits you but does no damage.
Unknown command.
You are too injured to fight recklessly!
Unknown command.
You hit the phantom.
The phantom is lightly damaged.
You barely miss the ice beast. You hit the jelly.
You kill the jelly!
Trog accepts your kill. The cerulean imp closely misses you.
Unknown command.
You hit the phantom.
The phantom is moderately damaged.
You slash the ice beast! The ice beast hits you.
* * * LOW HITPOINT WARNING * * *
The ice beast freezes you!
* * * LOW HITPOINT WARNING * * *
The phantom closely misses you.
The cerulean imp hits you from afar with a +0 spear.
* * * LOW HITPOINT WARNING * * *
You closely miss the phantom. Your punch misses the phantom.
The phantom is moderately damaged.
You hit the ice beast but do no damage. The phantom closely misses you.
The ice beast barely misses you.
Unknown command.
You hit the phantom but do no damage.
The phantom is moderately damaged.
You closely miss the ice beast.
The cerulean imp hits you but does no damage.
The phantom hits you.
You die...

#......# #......#
#......##.
##.........
..........
#......##.
#..W......
..######.@Y[.....
.!....h5.........
....##########...
. .


You could see an ice beast, a phantom, Natasha and a cerulean imp (summoned).

Vanquished Creatures
  A jelly (D:4)
  4 adders
  2 worms (D:2)
  2 dart slugs
  7 ball pythons
  4 endoplasms
  2 giant cockroaches
  8 goblins
  5 hobgoblins
  2 quokkas (D:2)
  6 bats
  A frilled lizard (D:2)
  4 kobolds
  A rat (D:2)
49 creatures vanquished.

Notes
Turn   | Place    | Note
-------+----------+-------------------------------------------
     0 | D:1      | LLlMATKO the Minotaur Berserker began the quest for the
                  | Orb.
     0 | D:1      | Reached XP level 1. HP: 19/19 MP: 0/0
    81 | D:1      | Reached XP level 2. HP: 16/27 MP: 1/1
  1166 | D:2      | Reached XP level 3. HP: 33/33 MP: 2/2
  1406 | D:2      | Reached ** piety under Trog
  1446 | D:2      | Reached XP level 4. HP: 40/40 MP: 3/3
  2339 | D:3      | Found a faded altar of an unknown god.
  2342 | D:3      | Found a shadowy altar of Dithmenos.
  2393 | D:4      | Noticed Natasha
  2393 | D:4      | Noticed a phantom
  2393 | D:4      | Noticed an ice beast
  2401 | D:4      | HP: 2/61 [cerulean imp/+0 spear[Natasha] (3)]
  2403 | D:4      | Slain by a phantom

Illustrated notes

Levels and vault maps discovered:
D:1:      dpeg_arrival_rooms_a, layout_loops_ring,
          minmay_misc_feat_secret_circle, dreamdust_princess_bridge,
          chequers_serial_rivers_micro_d, moated_statue
D:2:      layout_loops_ring, hex_tiny, minmay_close_crescents
D:3:      layout_basic, nicolae_overflow_ecumenical_swirl
D:4:      minmay_evil_eye, layout_rooms, serial_shops, nicolae_shop_waterfront,
          uniq_duvessa, uniq_natasha, uniq_ijyb, uniq_sigmund,
          uniq_crazy_yiuf_cottage

Skill      XL: |  1  2  3 |
---------------+----------+-----
Axes           | 4 |  4.6
Fighting       | 4 |  4.5
Armour         | 3 |  3.6
Dodging        | 3 |  3.3

Action                     |  1- 3 |  4- 6 || total
---------------------------+-------+-------++-------
  Melee: Hand axe          |    65 |    35 ||   100
         Headbutt          |    10 |     5 ||    15
 Invoke: Berserk           |       |     1 ||     1
   Stab: Sleeping          |     1 |       ||     1
 Armour: Animal skin       |    18 |    11 ||    29
         Chain mail        |       |    11 ||    11
  Dodge: Dodged            |    41 |    21 ||    62
